 Dungeon Crawl Stone Soup version 0.31.0-32-g396128a36d (webtiles) character file.

Game seed: 14302290915408119036

10311 spaghetti the Summoner (level 11, -15/81 HPs)
             Began as a Naga Summoner on Mar 10, 2024.
             Was a Priest of Kikubaaqudgha.
             Demolished by an enormous slime creature (42 damage)
             ... on level 12 of the Dungeon.
             The game lasted 00:28:09 (16348 turns).

spaghetti the Summoner (Naga Summoner)             Turns: 16348, Time: 00:28:09

Health: -15/81     AC: 11    Str: 11    XL:     11   Next: 60%
Magic:  3/23       EV: 10    Int: 25    God:    Kikubaaqudgha [***...]
Gold:   415        SH:  5    Dex: 12    Spells: 6/27 levels left

rFire   . . .        v - +1 short sword (venom)
rCold   . . .        (no shield)
rNeg    . . .        a - +0 robe
rPois   +            k - +0 helmet
rElec   .            o - +1 cloak {Stlth+}
rCorr   .            (no gloves)
SInv    +            (no barding)
Will    +....        e - amulet of Cawnunov {Reflect Int+6 SH+5}
Stlth   +++          E - +4 ring of protection
HPRegen 0.33/turn    B - ring of wizardry
MPRegen 0.18/turn

%: random rage (3%), reflection, wizardry (x1)
@: inugami summoned, very slow
A: AC +3, large, see invisible, deformed body, poison resistance, slowness 2,
spit poison 2, naga tail 1, berserk 1
a: Breathe Poison Gas, Renounce Religion, Unearth Wretches


You were on level 12 of the Dungeon.
You worshipped Kikubaaqudgha.
Kikubaaqudgha was most pleased with you.
You visited 2 branches of the dungeon, and saw 13 of its levels.

You collected 645 gold pieces.
You spent 230 gold pieces at shops.

Inventory:

Hand Weapons
 t - a +5 flail
 v - a +1 short sword of venom (weapon)
 L - a +2 vampiric dagger
Missiles
 j - 4 throwing nets
Armour
 a - a +0 robe (worn)
 k - a +0 helmet (worn)
 o - a +1 cloak of stealth (worn)
 H - the +1 leather armour "Wieschita" {rPois Regen+ Dex-2 SInv}
   (You found it on level 7 of the Dungeon)

   Dex-2:     It affects your dexterity (-2).
   rPois:     It protects you from poison SInv: It lets you see invisible.
   Regen+:    It increases your rate of health regeneration.
 I - a +1 pair of gloves
Jewellery
 e - the amulet of Cawnunov (around neck) {Reflect Int+6 SH+5}
   (You found it on level 2 of the Dungeon)

   [amulet of reflection]

   Reflect:   It reflects blocked missile attacks.
   Int+6:     It affects your intelligence (+6).
   SH+5:      It affects your SH (+5).
 f - a ring of positive energy
 h - a ring of ice
 i - a ring of poison resistance
 B - a ring of wizardry (right hand)
 C - a +5 ring of evasion
 E - a +4 ring of protection (left hand)
Wands
 r - a wand of polymorph (11)
 s - a wand of roots (17)
 x - a wand of paralysis (11)
 M - a wand of flame (27)
Scrolls
 c - a scroll of amnesia
 d - a scroll of summoning
 g - a scroll of vulnerability
 l - a scroll of enchant weapon
 m - 5 scrolls of poison
 n - 3 scrolls of teleportation
 q - a scroll of brand weapon
 y - a scroll of immolation
 A - a scroll of identify
 F - a scroll of blinking
 G - 2 scrolls of revelation
 J - a scroll of noise
Potions
 b - 2 potions of magic
 p - a potion of might
 u - a potion of mutation
 w - 2 potions of lignification
 z - a potion of curing
 D - a potion of invisibility {unknown}
 K - a potion of degeneration
 N - a potion of berserk rage
 O - 2 potions of cancellation


   Skills:
 - Level 1.5 Dodging
 - Level 3.0 Stealth
 + Level 8.5 Spellcasting
 - Level 11.0 Summonings
 - Level 8.6 Necromancy
 - Level 5.0 Fire Magic
 + Level 6.1 Evocations


You had 6 spell levels left.
You knew the following spells:

 Your Spells              Type           Power      Damage    Failure   Level
c - Call Canine Familiar  Summ           60%        N/A       1%          3
d - Summon Blazeheart Go  Fire/Summ      50%        N/A       1%          4
e - Summon Lightning Spi  Summ/Air       38%        N/A       2%          4
f - Dispel Undead         Necr           52%        3d19      1%          4
g - Death Channel         Necr           26%        N/A       10%         6

Your spell library contained the following spells:

 Spells                   Type           Power      Damage    Failure   Level
 Kiss of Death            Conj/Necr      100%       2d13      1%          1
 Necrotise                Necr           100%       1d9       1%          1
 Summon Small Mammal      Summ           100%       N/A       1%          1
 Call Imp                 Summ           100%       N/A       1%          2
 Sublimation of Blood     Necr           52%        N/A       1%          2
 Fugue of the Fallen      Necr           52%        N/A       1%          3
 Vampiric Draining        Necr           52%        2d9       1%          3
 Martyr's Knell           Necr/Summ      56%        N/A       1%          4
 Curse of Agony           Necr           52%        N/A       1%          5
 Sting                    Conj/Alch      40%        1d5       2%          1
 Inner Flame              Hex/Fire       23%        N/A       2%          3
 Mercury Vapours          Alch/Air       20%        N/A       3%          2
 Anguish                  Hex/Necr       16%        N/A       4%          4
 Confusing Touch          Hex            10%        N/A       7%          3
 Dazzling Flash           Conj/Hex       20%        N/A       7%          3
 Mephitic Cloud           Conj/Alch/Air  10%        N/A       7%          3
 Ozocubu's Armour         Ice            10%        N/A       7%          3
 Flame Wave               Conj/Fire      23%        2d8       9%          4
 Ignite Poison            Fire/Alch      23%        N/A       9%          4
 Sticky Flame             Fire/Alch      23%        2d6       9%          4
 Borgnjor's Vile Clutch   Necr/Erth      16%        N/A       11%         5
 Brom's Barrelling Bould  Conj/Erth      10%        2d3       22%         4
 Manifold Assault         Tloc           10%        N/A       22%         4
 Olgreb's Toxic Radiance  Alch           10%        N/A       22%         4
 Fireball                 Conj/Fire      11%        3d7       22%         5
 Iskenderun's Battlesphe  Conj           10%        2d6       52%         5
 Silence                  Hex/Air        5%         N/A       52%         5
 Conjure Ball Lightning   Conj/Air       5%         3x3d6     96%         6
 Summon Hydra             Summ           30%        N/A       21%         7
 Orb of Destruction       Conj           5%         9d5       100%        7
 Ignition                 Fire           17%        3d7       100%        8


Dungeon Overview and Level Annotations

Branches:
Dungeon (12/15)            Temple (1/1) D:4
   Lair: D:8-11         Orc: D:9-12

Altars:
Ashenzari
Cheibriados
Dithmenos
Elyvilon
Fedhas
Gozag
Hepliaklqana
Kikubaaqudgha
Makhleb
Nemelex Xobeh
Okawaru
Qazlal
Ru
Sif Muna
Trog
Uskayaw
Vehumet
Wu Jian
Xom
Yredelemnul
Zin
The Shining One

Shops:
D:4 *   D:6 ?   D:7 (

Annotations:
D:3 2 runed translucent doors, Natasha; Tripartite's ghost, amateur MfFi


Innate Abilities, Weirdness & Mutations

Your serpentine skin is tough. (AC +3)
You have supernaturally acute eyesight. (SInv)
Armour fits poorly on your strangely shaped body.
Your system is resistant to poisons. (rPois)
You cover ground very slowly.
You can exhale a cloud of poison.
You have a snake-like lower body.
You sometimes lose your temper in combat.


Message History

Your inugami hits the orc wizard.
The orc wizard hits your inugami with a +0 dagger.
The enormous slime creature is engulfed in blazing flames.
Your inugami closely misses the orc wizard.
The orc wizard hits your inugami but does no damage.
Casting: Summon Lightning Spire (dangerous; 2% risk of failure)
Confirm with . or Enter, or press ? or * to list all spells.
A fiery spirit appears, bound in slag iron.
The enormous slime creature hits your blazeheart golem!!!
Your inugami hits the orc wizard!
The orc wizard dies!
Kikubaaqudgha accepts your kill.
The enormous slime creature hits your blazeheart golem!!!
Your blazeheart golem falls apart, revealing its core!
Your inugami barely misses the enormous slime creature.
The orc closely misses your inugami.
Okay, then.
Casting: Summon Blazeheart Golem (mildly dangerous; 1% risk of failure)
Confirm with . or Enter, or press ? or * to list all spells.
An electric hum fills the air.
Your lightning spire disappears in a puff of smoke!
Your blazeheart core explodes!
The fiery explosion engulfs the enormous slime creature!!
The fiery explosion engulfs you!!
The enormous slime creature is engulfed in blazing flames.
The orc closely misses your inugami.
The enormous slime creature is engulfed in blazing flames. x2
The enormous slime creature hits you.
You hit the enormous slime creature.
The enormous slime creature is severely wounded.
The enormous slime creature is engulfed in blazing flames.
The enormous slime creature hits you!!
Casting: Summon Lightning Spire (dangerous; 2% risk of failure)
Confirm with . or Enter, or press ? or * to list all spells.
A fiery spirit appears, bound in slag iron.
The enormous slime creature is engulfed in blazing flames.
The enormous slime creature hits you!!!
Ouch! That really hurt!
You die...
Kikubaaqudgha rasps: "You have failed me!
Welcome... death!"

##'## #..# #. #.#
########..# #. #.#
#......#..###. ######.##
#.####.#......
#.......###.........####
#.#####..##..###.#.(#
#9.......#.#..#
#8###..#......# #@#
#..###.#.## #.#####J#
#........# #..oo)h°#
#......### ######.##
######## #.# #.# #####
##.####### ##..^##
###........###.###.##
.....<.###.##.## ##.##


You could see an enormous slime creature (ally target), a friendly lightning
spire (summoned), a friendly blazeheart golem (summoned) and a friendly inugami
(summoned).

Vanquished Creatures
  Harold (D:10)
  An ogre mage (D:11)
  Urug (D:10)
  2 gargoyles
  2 trolls
  Grinder (D:4)
  7 yaks
  2 wyverns
  2 vampire mosquitoes (D:12)
  Edmund (D:4)
  2 acid dragons
  A water moccasin (D:5)
  Duvessa (D:5)
  An orc warrior (D:8)
  2 sky beasts (D:7)
  An ice beast (D:5)
  2 ogres
  A centaur (D:9)
  4 kobold brigands
  2 scorpions
  8 killer bees
  2 howler monkeys (D:8)
  2 bombardier beetles
  2 hounds
  Crazy Yiuf (D:3)
  An orc priest (D:3)
  Natasha (D:3)
  An iguana (D:5)
  2 orc wizards
  Robin (D:3)
  2 gnolls (D:6)
  3 adders
  A shadow imp (D:6)
  A white imp (D:7)
  2 ufetubi (D:6)
  A dart slug (D:2)
  12 orcs
  5 endoplasms
  3 giant cockroaches
  8 goblins
  8 hobgoblins
  6 jackals
  24 kobolds
  5 ball pythons
  3 bats
  3 frilled lizards
  4 rats
149 creatures vanquished.

Vanquished Creatures (collateral kills)
  A komodo dragon (D:12)
  A kobold demonologist (D:11)
  A vampire (D:9)
  A wraith (D:10)
  2 acid dragons (D:12)
  2 ice beasts
  2 orc warriors
  A black bear (D:5)
  A sky beast (D:6)
  2 ogres
  A phantom (D:5)
  2 centaurs
  4 kobold brigands
  2 bullfrogs (D:6)
  A scorpion (D:5)
  4 wights (D:6)
  Dowan (D:5)
  5 killer bees (D:10)
  4 jellies
  6 orc priests
  A gnoll bouda (D:10)
  2 sleepcaps
  Ijyb (D:4)
  An iguana (D:5)
  Natasha (D:3)
  7 orc wizards
  A nameless horror (D:5)
  6 gnolls
  3 adders
  2 shadow imps
  3 white imps
  2 ribbon worms (D:2)
  17 orcs
  6 ball pythons
  A giant cockroach (D:1)
  8 goblins
  5 hobgoblins
  5 jackals
  27 kobolds
  3 quokkas
  7 bats
  2 frilled lizards (D:1)
  6 rats
161 creatures vanquished.

Vanquished Creatures (others)
  An unseen horror (D:11)
  24 blazeheart cores
25 creatures vanquished.

Grand Total: 335 creatures vanquished

Notes
Turn   | Place    | Note
-------+----------+-------------------------------------------
     0 | D:1      | spaghetti the Naga Summoner began the quest for the Orb.
     0 | D:1      | Reached XP level 1. HP: 15/15 MP: 3/3
    95 | D:1      | Found a large runed translucent door.
    95 | D:1      | Found a large runed translucent door.
   338 | D:1      | Reached XP level 2. HP: 5/22 MP: 1/5
   377 | D:1      | Learned a level 2 spell: Call Imp
  1125 | D:1      | Reached XP level 3. HP: 28/28 MP: 7/7
  1129 | D:1      | Learned a level 3 spell: Call Canine Familiar
  1986 | D:2      | Identified the amulet of Cawnunov {Reflect Int+6 SH+5}
  2239 | D:2      | Reached XP level 4. HP: 36/36 MP: 2/8
  2399 | D:2      | Gained mutation: You can exhale a cloud of poison. [potion
                  | of mutation]
  2399 | D:2      | Gained mutation: You sometimes lose your temper in combat.
                  | [potion of mutation]
  2516 | D:2      | Reached skill level 5 in Summonings
  2973 | D:3      | Noticed Robin
  3253 | D:3      | Found a runed translucent door.
  3254 | D:3      | Noticed Crazy Yiuf
  3604 | D:3      | Killed Robin
  3605 | D:3      | Reached XP level 5. HP: 19/42 MP: 6/9
  3708 | D:3      | Learned a level 4 spell: Summon Blazeheart Golem
  4076 | D:3      | Reached skill level 1 in Fire Magic
  4172 | D:3      | Reached XP level 6. HP: 35/49 MP: 4/11
  4364 | D:3      | Noticed Natasha
  4590 | D:3      | Killed Natasha
  4801 | D:3      | Found a burning altar of Makhleb.
  4819 | D:3      | Found a large runed translucent door.
  4820 | D:3      | Found a large runed translucent door.
  4821 | D:3      | Noticed Tripartite's ghost (amateur MfFi)
  5027 | D:3      | Killed Crazy Yiuf
  5252 | D:4      | Found Ziycw's Assorted Antiques.
  5312 | D:4      | Bought a scroll of identify for 50 gold pieces
  5329 | D:4      | Reached skill level 6 in Summonings
  5333 | D:4      | Reached XP level 7. HP: 55/55 MP: 7/13
  5411 | D:4      | Found a staircase to the Ecumenical Temple.
  5656 | D:4      | Noticed Grinder
  5665 | D:4      | Noticed Ijyb
  5674 | D:4      | Killed Ijyb
  5694 | D:4      | Killed Grinder
  5695 | D:4      | Reached skill level 5 in Spellcasting
  5695 | D:4      | Reached skill level 5 in Fire Magic
  5700 | D:4      | Learned a level 4 spell: Summon Lightning Spire
  5802 | D:4      | Noticed Edmund
  5813 | D:4      | Killed Edmund
  5814 | D:4      | Reached XP level 8. HP: 62/62 MP: 2/15
  6288 | D:4      | Reached skill level 7 in Summonings
  6512 | D:5      | Entered Level 5 of the Dungeon
  6528 | D:5      | Noticed Duvessa
  6531 | D:5      | Noticed Dowan
  6533 | D:5      | Killed Duvessa
  6543 | D:5      | Reached skill level 8 in Summonings
  6543 | D:5      | Killed Dowan
  6892 | D:5      | Found an ornate altar of the Wu Jian Council.
  6898 | D:5      | Reached skill level 9 in Summonings
  7023 | D:5      | Reached XP level 9. HP: 68/68 MP: 7/16
  8307 | Temple   | Entered the Ecumenical Temple
  8312 | Temple   | Became a worshipper of Kikubaaqudgha
  8350 | D:3      | Noticed Natasha
  8355 | D:3      | Killed Natasha
  8423 | D:3      | Noticed Natasha
  8579 | D:6      | Reached skill level 10 in Summonings
  9377 | D:6      | Reached skill level 11 in Summonings
  9466 | D:6      | Found a stormy altar of Qazlal.
  9524 | D:6      | Reached skill level 1 in Necromancy
  9811 | D:6      | Found Kefyfry's Magic Scroll Emporium.
  9814 | D:6      | Bought a scroll of blinking for 90 gold pieces
  9814 | D:6      | Bought a scroll of revelation for 90 gold pieces
 10366 | D:7      | Identified the +1 leather armour "Wieschita" {rPois Regen+
                  | Dex-2 SInv}
 10523 | D:7      | Found Ylill's Antique Weapon Emporium.
 10560 | D:7      | Reached * piety under Kikubaaqudgha
 10560 | D:7      | Received a gift from Kikubaaqudgha
 10772 | D:7      | Reached skill level 5 in Necromancy
 10831 | D:7      | Found a radiant altar of Vehumet.
 10913 | D:7      | Found a glowing silver altar of Zin.
 10913 | D:7      | Noticed an angel
 10950 | D:7      | Reached XP level 10. HP: 59/75 MP: 17/17
 12760 | D:9      | Reached ** piety under Kikubaaqudgha
 13005 | D:9      | Identified the maw talisman of the Loofah {Str+2 Dex+7 SInv
                  | Stlth-}
 13347 | D:9      | Learned a level 4 spell: Dispel Undead
 13706 | D:10     | Entered Level 10 of the Dungeon
 13707 | D:10     | Noticed Harold
 13737 | D:10     | Killed Harold
 13878 | D:10     | Reached skill level 1 in Evocations
 14228 | D:10     | Noticed a gargoyle
 14246 | D:10     | Killed a gargoyle
 14319 | D:10     | Reached XP level 11. HP: 65/81 MP: 19/21
 14397 | D:10     | Noticed Urug
 14399 | D:10     | Reached *** piety under Kikubaaqudgha
 14399 | D:10     | Received a gift from Kikubaaqudgha
 14406 | D:10     | Killed Urug
 14985 | D:11     | Noticed an ogre mage
 14987 | D:11     | Noticed a cyclops
 14995 | D:11     | Killed an ogre mage
 14996 | D:11     | Reached skill level 5 in Evocations
 14999 | D:11     | Noticed a five-headed hydra
 15180 | D:12     | Learned a level 6 spell: Death Channel
 16348 | D:12     | Demolished by an enormous slime creature

Illustrated notes

Levels and vault maps discovered:
D:1:      erik_arrival_cave_to_civilisation [erik_arrival_cave_to_temple],
          layout_basic, serial_curves, eino_curves_03, eino_curves_04
D:2:      layout_basic, minmay_octomino_j4
D:3:      minmay_recursive_quarters, layout_loops_corners, bloody_makhleb,
          ebering_ghost_disaster_area, uniq_natasha, uniq_crazy_yiuf_cottage,
          uniq_robin
D:4:      layout_rooms, minmay_temple_entry_antechambers, serial_shops,
          nicolae_shop_tiny_glass, uniq_ijyb, uniq_edmund, uniq_grinder
D:5:      layout_layer_cave, mainiacjoe_overflow_small_starburst, nrook_uturn,
          uniq_duvessa
D:6:      layout_basic, lemuel_crystal_altar, serial_shops,
          nicolae_shop_rolled_up, serial_co_window_serial, co_window_paths_b,
          co_window_corner_a, co_window_paths_b, co_window_corner_a,
          co_window_of_opportunity_a, co_window_unsneaky_path_c,
          co_window_of_opportunity_c, co_window_broadway_c, co_window_paths_d,
          co_window_sun, glass_columns_a, glass_columns_c, glass_columns_b
D:7:      layout_cave_pools, kennysheep_mini_moat, zin_angel, serial_shops,
          nicolae_shop_waterfront
D:8:      layout_rooms, serial_co_window_serial, co_window_paths_a,
          co_window_paths_b, co_window_paths_a, co_window_corner_a,
          co_window_corner_a, co_window_corner_a, co_window_of_opportunity_b,
          co_window_broadway_a, co_window_corner_b, co_window_cross_3,
          co_window_paths_e, glass_columns_b, glass_columns_a, glass_columns_b,
          glass_columns_b, glass_columns_a
D:9:      layout_gridville
D:10:     layout_rooms, nicolae_titane, uniq_urug, uniq_harold
D:11:     minmay_complete_graph, layout_loops_ring, lair_entry_dummy,
          david_orc_2, st_stairs_14
D:12:     layout_loops_corners
Temple:   sentei_temple_godly_chess

Skill      XL: |  1  2  3  4  5  6  7  8  9 10 11 |
---------------+----------------------------------+-----
Spellcasting   | 3 4 5 6 8 |  8.5
Summonings     | 5 6 9 11 | 11.0
Fire Magic     | 1 3 5 |  5.0
Necromancy     | 5 8 |  8.6
Evocations     | 2 6 |  6.1
Dodging        | |  1.5
Stealth        | |  3.0

Action                     |  1- 3 |  4- 6 |  7- 9 | 10-12 || total
---------------------------+-------+-------+-------+-------++-------
  Melee: Unarmed           |    60 |       |       |       ||    60
         Dagger            |    14 |    59 |    34 |    23 ||   130
         Punch             |     2 |     1 |     4 |     2 ||     9
         Short sword       |       |       |   148 |   178 ||   326
   Cast: Summon Small Mamm |    25 |     2 |    11 |    20 ||    58
         Call Imp          |    15 |    22 |    31 |    27 ||    95
         Call Canine Famil |     6 |    19 |    32 |    32 ||    89
         Summon Blazeheart |       |       |    29 |    33 ||    62
         Summon Lightning  |       |       |       |    17 ||    17
         Dispel Undead     |       |       |       |     3 ||     3
         Death Channel     |       |       |       |     2 ||     2
Ability: Spit Poison       |    13 |       |       |       ||    13
         Breathe Poison Ga |       |    14 |       |     3 ||    17
    Use: Scroll            |     2 |     4 |     5 |     8 ||    19
         Potion            |     1 |     4 |     4 |     3 ||    12
   Stab: Sleeping          |     3 |     1 |     3 |     1 ||     8
         Distracted        |     2 |       |     1 |     2 ||     5
 Armour: Robe              |    83 |    43 |   148 |   213 ||   487
         Skin              |       |       |       |     3 ||     3
  Dodge: Dodged            |    52 |    27 |    85 |   146 ||   310
  Block: Other             |     1 |    15 |    54 |    62 ||   132
         Reflection        |       |     2 |     4 |     2 ||     8
